 Dungeon Crawl Stone Soup version 0.30.1-11-g7821555f0a (webtiles) character file.

Game seed: 6453248504249041455

784 fireball365 the Chopper (level 7, -14/61 HPs)
             Began as a Hill Orc Fighter on Nov 10, 2023.
             Demolished by an ogre
             ... wielding a +0 giant club
              (25 damage)
             ... on level 5 of the Dungeon.
             The game lasted 00:05:46 (3506 turns).

fireball365 the Chopper (Hill Orc Fighter)          Turns: 3506, Time: 00:05:46

Health: -14/61     AC: 12    Str: 21    XL:     7   Next: 86%
Magic:  7/7        EV:  8    Int:  8    God:
Gold:   212        SH:  0    Dex: 10    Spells: 6/6 levels left

rFire   + . .        a - +0 war axe
rCold   . . .        c - +0 buckler
rNeg    . . .        v - +0 chain mail
rPois   .            (no helmet)
rElec   .            (no cloak)
rCorr   .            e - +0 pair of gloves
SInv    .            r - +0 pair of boots
Will    .....        u - amulet of reflection Stlth
                     p - ring of protection from fire
HPRegen 0.30/turn    (no ring)
MPRegen 0.10/turn

%: reflection
@: confused
A: no striking features
a: no special abilities


You were on level 5 of the Dungeon.
You visited 1 branch of the dungeon, and saw 5 of its levels.

You collected 212 gold pieces.

Inventory:

Hand Weapons
 a - a +0 war axe (weapon)
Armour
 c - a +0 buckler (worn)
 e - a +0 pair of gloves (worn)
 r - a +0 pair of boots (worn)
 v - a +0 chain mail (worn)
Jewellery
 i - a ring of magical power
 k - an amulet of faith
 p - a ring of protection from fire (left hand)
 u - an amulet of reflection (around neck)
Wands
 y - a wand of paralysis (6)
Scrolls
 b - a scroll of amnesia {unknown}
 f - a scroll of torment {unknown}
 g - a scroll of immolation {unknown}
 j - a scroll of enchant armour {unknown}
 m - 2 scrolls of fog
 n - a scroll of blinking {unknown}
 o - a scroll of poison {unknown}
 t - 2 scrolls of noise
 C - a scroll of magic mapping {unknown}
Potions
 d - a potion of might
 h - a potion of cancellation {unknown}
 l - 2 potions of lignification
 s - a potion of haste {unknown}
 w - a potion of berserk rage {unknown}
 x - a potion of invisibility {unknown}
 z - a potion of attraction {unknown}
 A - a potion of mutation {unknown}
 B - a potion of ambrosia {unknown}


   Skills:
 + Level 5.2 Fighting
 + Level 7.9 Axes
 + Level 5.1 Armour
 + Level 1.5 Dodging
 + Level 4.9 Shields


You had 6 spell levels left.
You didn't know any spells.
Your spell library contained the following spells:

 Spells                   Type           Power      Damage    Failure   Level
 Magic Dart               Conj           0%         1d3       98%         1
 Call Imp                 Summ           0%         N/A       99%         2
 Mephitic Cloud           Conj/Pois/Air  0%         N/A       100%        3


Dungeon Overview and Level Annotations

Branches:
Dungeon (5/15)
 Temple: D:4-7

Altars:

Shops:
D:1 (


Message History

You hear some strange, mumbled words.
Something tries to affect you, but you resist.
The orc hits you with a +0 flail. You block the orc's attack.
The scorpion stings you but does no damage.
You block the ogre's attack.
You slash the scorpion!
The scorpion is severely wounded.
You closely miss something. You completely miss the ogre.
You barely miss the orc. You hit the orc.
You feel sick.
You hear some strange, mumbled words.
You are confused.
The orc hits you but does no damage. The orc hits you with a +0 flail.
The scorpion stings you but does no damage.
The orc hits you but does no damage. The orc hits you with a +0 club.
Something hits you but does no damage. The ogre barely misses you.
You barely miss the scorpion.
The scorpion is severely wounded.
You barely miss the ogre. You closely miss the orc. You miss the orc.
You miss something.
You feel sick. The scorpion stings you.
* * * LOW HITPOINT WARNING * * *
The scorpion stings you but does no damage.
The orc barely misses you. The orc hits you but does no damage.
Something hits you.
* * * LOW HITPOINT WARNING * * *
You miss the orc. You hit the orc but do no damage. You barely miss something.
You barely miss the ogre. You hit the scorpion.
You kill the scorpion!
You feel sick. The ogre closely misses you. The orc hits you with a +0 club.
* * * LOW HITPOINT WARNING * * *
The orc hits you with a +0 flail.
* * * LOW HITPOINT WARNING * * *
You slash the orc!
You kill the orc!
You slash the ogre! You miss something. You closely miss the orc.
You hit the orc but do no damage.
You feel sick.
You are no longer poisoned.
The orc hits you but does no damage. Something hits you but does no damage.
The orc hits you but does no damage.
The ogre hits you with a +0 giant club!!
You die...

...............#..######
..........###.##..#
...........##......
.........##.#.##..##
.....<.$.........>#
..................#
...........##.#
..<...)†o..# #
......O@o#.#
##########... ###.# #


You could see an ogre and 2 orcs.

Vanquished Creatures
  3 scorpions
  A howler monkey (D:5)
  A hound (D:4)
  A gnoll bouda (D:5)
  3 jellies
  A sleepcap (D:5)
  3 iguanas
  3 orc wizards (D:4)
  4 gnolls (D:5)
  9 adders
  A shadow imp (D:5)
  A white imp (D:5)
  2 ufetubi
  A worm (D:2)
  A dart slug (D:4)
  10 orcs
  7 ball pythons
  7 endoplasms
  2 giant cockroaches
  A goblin (D:3)
  9 hobgoblins
  7 jackals
  3 quokkas
  5 bats
  2 frilled lizards
  10 kobolds
  4 rats
102 creatures vanquished.

Notes
Turn   | Place    | Note
-------+----------+-------------------------------------------
     0 | D:1      | fireball365 the Hill Orc Fighter began the quest for the
                  | Orb.
     0 | D:1      | Reached XP level 1. HP: 19/19 MP: 1/1
    86 | D:1      | Found Oliduip's Weapon Shoppe.
   191 | D:1      | Reached XP level 2. HP: 27/27 MP: 2/2
   556 | D:2      | Reached skill level 3 in Axes
   687 | D:2      | Reached XP level 3. HP: 28/33 MP: 3/3
   952 | D:3      | Reached XP level 4. HP: 31/40 MP: 4/4
   968 | D:3      | Reached skill level 4 in Axes
  1436 | D:3      | Reached XP level 5. HP: 46/46 MP: 5/5
  1728 | D:4      | Reached skill level 5 in Axes
  1777 | D:4      | Reached skill level 6 in Axes
  1777 | D:4      | Reached XP level 6. HP: 42/53 MP: 6/6
  2399 | D:4      | Reached skill level 1 in Dodging
  2881 | D:5      | Entered Level 5 of the Dungeon
  2959 | D:5      | Reached skill level 7 in Axes
  2959 | D:5      | Reached XP level 7. HP: 60/60 MP: 7/7
  3205 | D:5      | Reached skill level 5 in Fighting
  3331 | D:5      | Reached skill level 5 in Armour
  3506 | D:5      | Demolished by an ogre

Illustrated notes

Levels and vault maps discovered:
D:1:      minmay_arrival_nine_rooms, layout_rooms, serial_shops,
          nicolae_shop_bloodbath_and_beyond
D:2:      layout_basic, uniq_jessica, uniq_crazy_yiuf_cottage
D:3:      layout_loops_ring, chequers_decorated_corner
D:4:      kennysheep_spiral_hall, layout_loops_ring, minmay_misc_feat_square
D:5:      layout_loops_ring

Skill      XL: |  1  2  3  4  5  6  7 |
---------------+----------------------+-----
Axes           | 3 4 6 7 |  7.9
Fighting       | 4 5 |  5.2
Armour         | 4 5 |  5.1
Shields        | 4 |  4.9
Dodging        | 1 |  1.5

Action                     |  1- 3 |  4- 6 |  7- 9 || total
---------------------------+-------+-------+-------++-------
  Melee: War axe           |    56 |   210 |    60 ||   326
    Use: Scroll            |       |     4 |       ||     4
         Potion            |       |       |     2 ||     2
 Armour: Scale mail        |    34 |    15 |       ||    49
         Chain mail        |       |   132 |    39 ||   171
  Dodge: Dodged            |    38 |    88 |    21 ||   147
  Block: Buckler           |    14 |    86 |    37 ||   137
         Reflection        |       |     1 |       ||     1
